AoeStats
← Iamak3186

Arena

504206973Analyzed
1v1 RM · 29d ago on Sep 4, 2026· 22m 53s· 2 players
Game mode
Random Map
Map size
Tiny (2 player)
Population
200
Speed
Normal
Resources
Standard
Victory
Conquest
Starting age
Dark Age
Ending age
Imperial Age
RankedLock teamsTeams togetherTeam positionsShared explorationLock speedFull tech treeHidden civsTurbo modeCheats
Victory
Defeat
🇮🇳 Japanese · India
1278
+16
🇳🇱 Burgundians · Netherlands
1276
-16
willieniet
3:23 Double-Bit Axe
6:28 Horse Collar
12:07 Feudal Age
15:58 Castle Age
14:24 Bow Saw
14:59 Heavy Plow
16:28 Wheelbarrow
21:09 Stone Mining
21:12 Gold Mining
23:08 Two-Man Saw
Iamak3186
3:10 Loom
11:41 Feudal Age
13:20 Double-Bit Axe
15:59 Castle Age
14:31 Horse Collar
17:01 Bow Saw
16:53 Scale Mail Armor
20:48 Loom
Connection lost

Rejoining the realm…

Still unreachable

The connection could not be restored.

Session expired

The server has moved on; the page needs a fresh start.